 Dungeon Sprint DCSS version 0.20-a0-556-g892c87b (webtiles) character file.

2538 Kidiri the Eclecticist (level 9, -10/64 HPs)
             Began as a Deep Elf Fire Elementalist on Feb 4, 2017.
             Was a Priest of Vehumet.
             Mangled by a two-headed ogre
             ... wielding a +0 giant spiked club
              (29 damage)
             ... in the Dungeon (Sprint III: "The Ten Rune Challenge").
             The game lasted 00:06:07 (1113 turns).

Kidiri the Eclecticist (Deep Elf Fire Elementalist) Turns: 1113, Time: 00:06:07

Health: -10/64     AC:  3    Str:  5    XL:     9   Next: 30%
Magic:  20/30      EV: 18    Int: 24    God:    Vehumet [***...]
Gold:   21         SH:  0    Dex: 15    Spells: 19/39 levels left

rFire    . . .     SeeInvis .   l - +0 dagger
rCold    . . .     Gourm    .   j - +1 robe {rN+}
rNeg     + . .     Faith    .   (no shield)
rPois    .         Spirit   .   (no helmet)
rElec    .         Reflect  .   (no cloak)
rCorr    .         Harm     .   (no gloves)
MR       .....     NoTele   +   (no boots)
Stlth    ++........             (no amulet)
Regen    0.2/turn               (no ring)
                                (no ring)

@: no status effects
A: talons 1, blurry vision 1, robust 2, evolution 2
a: Renounce Religion


You were in the Dungeon.
You worshipped Vehumet.
Vehumet was most pleased with you.
You were not hungry.

You visited 1 branch You collected 21 gold pieces.

Inventory:

Hand Weapons
 l - a +0 dagger (weapon)
Armour
 j - a +1 robe of positive energy (worn)
Scrolls
 i - 2 scrolls of blinking
 m - a scroll of immolation {unknown}
 o - 2 scrolls of remove curse {unknown}
 s - a scroll of torment {unknown}
Potions
 b - a potion of might
 d - a potion of curing
 f - a potion of haste
 g - 2 potions of magic
 h - a potion of berserk rage
 r - a potion of brilliance
 t - 2 potions of cure mutation
 u - a potion of flight {unknown}
Books
 n - a book of Cantrips

   Spells                             Type                      Level
   a - Confusing Touch                Hexes                        1
   b - Animate Skeleton               Necromancy                   1
   c - Summon Small Mammal            Summoning                    1
   d - Apportation                    Translocation                1
Comestibles
 a - 9 chunks of flesh
 c - a bread ration
 k - a royal jelly
 p - 2 meat rations


   Skills:
 + Level 5.5 Fighting
 + Level 5.7 Armour
 + Level 8.5 Dodging
 - Level 2.4 Stealth
 * Level 15.7 Spellcasting
 + Level 9.7 Conjurations
 + Level 10.2 Fire Magic
 + Level 2.9 Ice Magic


You had 19 spell levels left.
You knew the following spells:

 Your Spells              Type           Power        Failure   Level  Hunger
a - Flame Tongue          Conj/Fire      #####        1%          1    None
b - Throw Flame           Conj/Fire      ######       1%          2    None
c - Conjure Flame         Conj/Fire      ######..     1%          3    None
d - Inner Flame           Hex/Fire       #####...     1%          3    None
e - Sticky Flame          Conj/Fire      ######..     1%          4    None
f - Fireball              Conj/Fire      ######....   1%          5    ##.....
g - Throw Frost           Conj/Ice       #####.       1%          2    None


Dungeon Overview and Level Annotations

Branches:
Dungeon (1/1)

Altars:
Cheibriados
Dithmenos
Elyvilon
Fedhas
Gozag
Hepliaklqana
Kikubaaqudgha
Makhleb
Nemelex Xobeh
Okawaru
Qazlal
Ru
Sif Muna
Trog
Uskayaw
Vehumet
Xom
Yredelemnul
Zin
The Shining One
Beogh
Jiyva
Lugonu


Innate Abilities, Weirdness & Mutations

You have sharp toenails.
Scrolls take you a little longer to read.
You are very robust. (+20% HP)
You rapidly evolve.


Message History

The two-headed ogre is engulfed in roaring flames.
The two-headed ogre closely misses you.
The two-headed ogre completely misses you.
Unknown command.
Things that are here:
a giant club; a robe Unknown command.
Casting: Flame Tongue
Confirm with . or Enter, or press ? or * to list all spells.
Aiming: Sticky Flame
Press: ? - help, Shift-Dir - straight line, f - two-headed ogre
Aim: a two-headed ogre, wielding two giant spiked clubs (flame, moderately wounded)
The sticky flame hits the two-headed ogre.
The two-headed ogre is heavily wounded.
The two-headed ogre is covered in liquid flames!
The two-headed ogre burns!
The two-headed ogre is engulfed in roaring flames.
The two-headed ogre completely misses you.
The two-headed ogre hits you with a giant spiked club!!
You die...

#### #__# #)_# #+##
...# ...# ##'#
..)#+##############
...#....#.#.#...@.#
...##.#..#.##.###O#
...)##)#.#.##.#..##
...#...#..#..##..
▓▓▓▓▓▓▓▓▓▓▓▓▓▓▓▓▓


You could see a two-headed ogre (burning).

Vanquished Creatures
  Erolcha (D)
  A deep elf mage (D)
  A shadow (D)
  A spatial vortex (D)
  A necrophage (D)
  4 two-headed ogres (D)
  A water elemental (D)
  A scorpion (D)
  A wizard (D)
  A jelly (D)
  Jessica (D)
  A necromancer (D)
  3 humans (D)
  A kobold demonologist (D)
  An ooze (D)
  2 rats (D)
22 creatures vanquished.

Vanquished Creatures (others)
  2 draconian scorchers (D)
  6 hellions (D)
  2 yaktaurs (D)
  2 plants (D)
12 creatures vanquished.

Grand Total: 34 creatures vanquished

Notes
Turn   | Place    | Note
-------+----------+-------------------------------------------
     0 | D        | Kidiri the Deep Elf Fire Elementalist began the quest for the Orb.
     0 | D        | Reached XP level 1. HP: 10/10 MP: 6/6
     4 | D        | Reached skill level 4 in Spellcasting
    43 | D        | Noticed Jessica
    45 | D        | Killed Jessica
    45 | D        | Reached skill level 6 in Spellcasting
    45 | D        | Reached XP level 2. HP: 15/15 MP: 5/11
    45 | D        | Reached XP level 3. HP: 19/19 MP: 5/13
    63 | D        | Learned a level 2 spell: Throw Flame
    67 | D        | Learned a level 3 spell: Conjure Flame
    71 | D        | Learned a level 3 spell: Inner Flame
    89 | D        | Killed a hellion
    91 | D        | Killed a hellion
   135 | D        | Killed a hellion
   136 | D        | Reached skill level 7 in Spellcasting
   136 | D        | Reached skill level 5 in Fire Magic
   177 | D        | Killed a hellion
   188 | D        | Killed a white draconian scorcher
   198 | D        | Killed a white draconian scorcher
   224 | D        | Noticed a scorpion
   235 | D        | Killed a scorpion
   235 | D        | Reached skill level 8 in Spellcasting
   235 | D        | Reached XP level 4. HP: 24/24 MP: 7/16
   241 | D        | Learned a level 4 spell: Sticky Flame
   267 | D        | Gained mutation: You are robust. (+10% HP) [potion of mutation]
   267 | D        | Gained mutation: You evolve. [potion of mutation]
   267 | D        | Gained mutation: You have sharp toenails. [potion of mutation]
   268 | D        | Gained mutation: You are very robust. (+20% HP) [potion of mutation]
   268 | D        | Gained mutation: Scrolls take you a little longer to read. [potion of mutation]
   282 | D        | Killed a hellion
   305 | D        | Killed a hellion
   331 | D        | Noticed a water elemental
   333 | D        | Killed a water elemental
   333 | D        | Reached skill level 10 in Spellcasting
   333 | D        | Reached skill level 5 in Conjurations
   333 | D        | Reached XP level 5. HP: 33/33 MP: 9/19
   372 | D        | Killed a yaktaur
   401 | D        | Found a radiant altar of Vehumet.
   402 | D        | Found a deep blue altar of Sif Muna.
   402 | D        | Found an ancient bone altar of Kikubaaqudgha.
   406 | D        | Reached skill level 11 in Spellcasting
   413 | D        | Learned a level 5 spell: Fireball
   427 | D        | Became a worshipper of Vehumet
   458 | D        | Found a glowing silver altar of Zin.
   459 | D        | Found a glowing golden altar of the Shining One.
   459 | D        | Found a white marble altar of Elyvilon.
   459 | D        | Noticed a deep elf mage
   464 | D        | Noticed an ice beast
   465 | D        | Killed a deep elf mage
   465 | D        | Reached skill level 5 in Dodging
   465 | D        | Reached skill level 12 in Spellcasting
   465 | D        | Reached XP level 6. HP: 21/44 MP: 13/23
   465 | D        | Reached XP level 7. HP: 24/49 MP: 14/25
   621 | D        | Found a hide-covered altar of Uskayaw.
   621 | D        | Found a roughly hewn altar of Beogh.
   621 | D        | Found an iron altar of Okawaru.
   621 | D        | Found a bloodstained altar of Trog.
   621 | D        | Noticed a human
   624 | D        | Noticed a human
   627 | D        | Killed a human
   627 | D        | Killed a human
   627 | D        | Reached skill level 13 in Spellcasting
   627 | D        | Reached * piety under Vehumet
   627 | D        | Offered knowledge of Magic Dart by Vehumet.
   723 | D        | Found a basalt altar of Yredelemnul.
   723 | D        | Found a shadowy altar of Dithmenos.
   723 | D        | Found a sacrificial altar of Ru.
   726 | D        | Reached XP level 8. HP: 51/57 MP: 20/27
   785 | D        | Reached ** piety under Vehumet
   791 | D        | Reached skill level 14 in Spellcasting
   810 | D        | Found a blossoming altar of Fedhas.
   810 | D        | Found a stormy altar of Qazlal.
   810 | D        | Found a snail-covered altar of Cheibriados.
   810 | D        | Found a burning altar of Makhleb.
   810 | D        | Found a shimmering altar of Xom.
   811 | D        | Found a hazy altar of Hepliaklqana.
   811 | D        | Found an opulent altar of Gozag.
   811 | D        | Found a sparkling altar of Nemelex Xobeh.
   811 | D        | Found a corrupted altar of Lugonu.
   811 | D        | Found a viscous altar of Jiyva.
   825 | D        | Offered knowledge of Sting by Vehumet.
   887 | D        | Gained mutation: You rapidly evolve. [evolution]
   933 | D        | Reached *** piety under Vehumet
   973 | D        | Killed a yaktaur
  1004 | D        | Noticed a two-headed ogre
  1018 | D        | Killed a two-headed ogre
  1018 | D        | Offered knowledge of Throw Frost by Vehumet.
  1018 | D        | Reached skill level 5 in Fighting
  1018 | D        | Reached skill level 5 in Armour
  1018 | D        | Reached skill level 15 in Spellcasting
  1027 | D        | Learned a level 2 spell: Throw Frost
  1102 | D        | Noticed a two-headed ogre
  1102 | D        | Noticed Erolcha
  1111 | D        | Killed Erolcha
  1111 | D        | Offered knowledge of Olgreb's Toxic Radiance by Vehumet.
  1111 | D        | Reached skill level 10 in Fire Magic
  1111 | D        | Reached XP level 9. HP: 19/64 MP: 23/30
  1113 | D        | Mangled by a two-headed ogre

Vault maps used:
D:        dungeon_sprint_mu

Skill      XL: |  1  2  3  4  5  6  7  8 |
---------------+-------------------------+-----
Spellcasting   | 6 8 10 12 13 15 | 15.7
Conjurations   | 3 4 5 7 8 9 |  9.7
Fire Magic     | 4 5 6 8 9 10 | 10.2
Fighting       | 3 4 5 |  5.5
Armour         | 3 4 5 |  5.7
Dodging        | 5 6 8 |  8.5
Ice Magic      | 2 |  2.9
Stealth        | |  2.4

Action                   |  1- 3 |  4- 6 |  7- 9 || total
-------------------------+-------+-------+-------++-------
Melee: Dagger            |       |     1 |     1 ||     2
       Unarmed           |       |     1 |       ||     1
       Kick              |       |     1 |       ||     1
 Cast: Flame Tongue      |    13 |     3 |    42 ||    58
       Throw Flame       |     4 |       |     3 ||     7
       Conjure Flame     |     1 |     1 |     6 ||     8
       Sticky Flame      |       |     4 |     7 ||    11
       Fireball          |       |       |     2 ||     2
       Inner Flame       |       |       |     3 ||     3
  Use: Potion            |       |     2 |     2 ||     4
       Scroll            |       |     2 |       ||     2
 Stab: Sleeping          |       |     1 |       ||     1
  Eat: Chunk             |       |       |     1 ||     1
Armor: Robe              |     1 |       |     2 ||     3
Dodge: Dodged            |       |     3 |    13 ||    16
